 Dungeon Crawl Stone Soup version 0.30.1-9-gdf580d7c3d (webtiles) character file.

Game seed: 10210253071575750745

92 KittyFluff the Trooper (level 4, -1/43 HPs)
             Began as a Gargoyle Berserker on Oct 6, 2023.
             Was a Believer of Trog.
             Slain by a gnoll
             ... wielding a +0 halberd
              (5 damage)
             ... on level 2 of the Dungeon.
             The game lasted 00:04:15 (1262 turns).

KittyFluff the Trooper (Gargoyle Berserker)         Turns: 1262, Time: 00:04:15

Health: -1/43      AC:  7    Str: 23    XL:     4   Next: 60%
Magic:  4/4        EV: 11    Int:  7    God:    Trog [**....]
Gold:   66         SH:  0    Dex:  9    Spells: 3/3 levels left

rFire   . . .        a - +0 mace
rCold   . . .        (no shield)
rNeg    + . .        d - +0 leather armour
rPois   ∞            (no helmet)
rElec   +            (no cloak)
rCorr   +            (no gloves)
SInv    .            (no boots)
Will    .....        (no amulet) Stlth
                     m - ring of resist corrosion
HPRegen 0.27/turn    (no ring)
MPRegen 0.09/turn

%: no passive effects
@: berserking, very quick
A: sickness immunity, AC +3, negative energy resistance 1, electricity
resistance, torment resistance 1, petrification resistance
a: Renounce Religion, Berserk, Trog's Hand


You were on level 2 of the Dungeon.
You worshipped Trog.
Trog was pleased with you.
You visited 1 branch of the dungeon, and saw 3 of its levels.

You collected 66 gold pieces.

Inventory:

Hand Weapons
 a - a +0 mace (weapon)
Missiles
 l - 4 poisoned darts (quivered)
Armour
 d - a +0 leather armour (worn)
Jewellery
 m - a ring of resist corrosion (left hand)
Scrolls
 b - 5 scrolls of teleportation {unknown}
 f - 2 scrolls of vulnerability {unknown}
 g - a scroll of magic mapping {unknown}
 h - a scroll of blinking {unknown}
 i - a scroll of enchant weapon {unknown}
 j - a scroll of fog {unknown}
 k - a scroll of fear {unknown}
Potions
 c - a potion of ambrosia {unknown}
 e - a potion of heal wounds {unknown}
 n - a potion of resistance {unknown}
 o - a potion of brilliance {unknown}


   Skills:
 + Level 3.7 Fighting
 * Level 3.7 Maces & Flails
 * Level 3.5 Armour
 + Level 2.1 Dodging


You had 3 spell levels left.
You didn't know any spells.
Your spell library was empty.

Dungeon Overview and Level Annotations

Branches:
Dungeon (3/15)

Altars:


Innate Abilities, Weirdness & Mutations

You are immune to sickness and miasma.
Your stone body is resilient. (AC +3)
You are immune to poison.
You resist negative energy. (rN+)
You are resistant to electric shocks. (rElec)
You are resistant to unholy torment.
You are immune to petrification.


Message History

There is a stone staircase leading down here.
o - a brown potion
There is a stone staircase leading down here.
A bat comes into view.
The bat completely misses you.
You closely miss the bat. The bat hits you but does no damage.
The bat hits you but does no damage.
You sock the bat!
You kill the bat!
Trog accepts your kill.
A gnoll comes into view. It is wielding a +0 halberd.
Found a scroll labelled JAROLULUDY.
The gnoll shouts!
You hear a shout!
A gnoll comes into view. It is wielding a +0 halberd.
A gnoll comes into view. It is wielding a +0 flail. x2
The gnoll misses you.
You see here a scroll labelled JAROLULUDY.
The gnoll shouts!
The gnoll hits you with a +0 halberd.
A quokka comes into view.
You sock the gnoll!
The gnoll is severely wounded.
The gnoll barely misses you.
The gnoll hits you from afar with a +0 halberd!
You hit the gnoll.
You kill the gnoll!
Trog accepts your kill.
The gnoll hits you from afar with a +0 halberd!
* * * LOW HITPOINT WARNING * * *
A hobgoblin comes into view.
The gnoll barely misses you.
You see here a +0 halberd.
A red film seems to cover your vision as you go berserk!
You feel yourself moving faster!
You feel mighty!
The hobgoblin shouts!
The gnoll barely misses you.
You barely miss the gnoll. The gnoll hits you with a +0 halberd!
* * * LOW HITPOINT WARNING * * *
You closely miss the gnoll. The gnoll hits you with a +0 halberd.
You die...

....###.#.##
.##........#
##.......#
##......#
#......#
#......#
#####.##
...########.#
..grggg@.?..#
...#######..#
####


You could see 3 gnolls, a quokka and a hobgoblin.

Vanquished Creatures
  3 gnolls
  2 adders (D:3)
  A dart slug (D:1)
  An orc (D:3)
  8 endoplasms (D:1)
  A giant cockroach (D:1)
  A goblin (D:1)
  5 hobgoblins (D:1)
  6 ball pythons
  4 bats
  A frilled lizard (D:3)
  A goblin skeleton (D:3)
  2 kobolds
  7 rats (D:1)
43 creatures vanquished.

Notes
Turn   | Place    | Note
-------+----------+-------------------------------------------
     0 | D:1      | KittyFluff the Gargoyle Berserker began the quest for the
                  | Orb.
     0 | D:1      | Reached XP level 1. HP: 14/14 MP: 1/1
    73 | D:1      | Found a faded altar of an unknown god.
    85 | D:1      | Reached XP level 2. HP: 18/19 MP: 2/2
   383 | D:1      | Reached XP level 3. HP: 15/23 MP: 3/3
   764 | D:1      | Reached ** piety under Trog
   866 | D:2      | You fall into a shaft and drop 1 floor!
   884 | D:3      | Reached XP level 4. HP: 24/28 MP: 4/4
  1262 | D:2      | Slain by a gnoll

Illustrated notes

Levels and vault maps discovered:
D:1:      saegor_arrival_simple_d, layout_loops_ring,
          nicolae_ecumenical_snake_handling
D:2:      layout_rooms, minmay_pentomino_v4
D:3:      layout_loops_ring, nicolae_qazlal_general_emergency,
          nicolae_tso_besieged_by_evil

Skill      XL: |  1  2  3 |
---------------+----------+-----
Armour         | 3 |  3.5
Dodging        | 2 |  2.1
Fighting       | |  3.7
Maces & Flails | |  3.7

Action                     |  1- 3 |  4- 6 || total
---------------------------+-------+-------++-------
  Melee: Mace              |    89 |    28 ||   117
 Invoke: Berserk           |       |     1 ||     1
 Armour: Animal skin       |     3 |       ||     3
         Leather armour    |    28 |    15 ||    43
  Dodge: Dodged            |    59 |    19 ||    78
